AoeStats
← f_buldo

Nomad

510616378Analyzed
2v2 RM · 2d ago on Oct 1, 2026· 44m 31s· 4 players
Game mode
Random Map
Map size
176×176
Population
200
Speed
Normal
Resources
Standard
Victory
Conquest
Starting age
Dark Age
Ending age
Imperial Age
RankedLock teamsTeams togetherTeam positionsShared explorationLock speedFull tech treeHidden civsTurbo modeCheats
Victory
Defeat
🇨🇱 Teutons · Chile
1029
+16
🇦🇷 Italians · Argentina
991
+18
🇩🇪 Koreans · Germany
1039
-17
🇩🇪 Wei · Germany
1036
-17
King Brenning I
11:16 Loom
14:00 Feudal Age
19:17 Castle Age
17:21 Stone Mining
17:53 Fishing Lines
18:59 Gold Mining
18:57 Double-Bit Axe
23:37 Gold Shaft Mining
23:15 Bow Saw
23:50 Fletching
24:46 Gillnets
26:16 Wheelbarrow
28:07 Ballistics
28:29 Bodkin Arrow
31:25 Clinker Construction
31:54 Careening
36:57 Imperial Age
36:58 Eupseong
37:19 Town Watch
38:01 Conscription
38:08 Bracer
37:37 Elite War Wagon
38:05 Elite Skirmisher
38:52 Thumb Ring
Paddington
6:22 Loom
14:44 Feudal Age
16:12 Gold Mining
16:39 Double-Bit Axe
18:11 Wheelbarrow
18:45 Horse Collar
23:14 Castle Age
23:23 Fletching
24:08 Bodkin Arrow
26:04 Bloodlines
25:57 Padded Archer Armor
28:17 Leather Archer Armor
34:53 Imperial Age
34:20 Ballistics
tetas de abuela
4:04 Loom
14:27 Feudal Age
15:19 Double-Bit Axe
21:28 Castle Age
19:56 Scale Mail Armor
20:31 Fletching
21:56 Forging
21:48 Pikeman
27:31 Squires
30:25 Caravan
33:02 Imperial Age
31:28 Gambesons
32:35 Bodkin Arrow
32:33 Town Watch
33:19 Medium Warships
34:59 Wheelbarrow
34:46 Chain Mail Armor
36:34 Plate Mail Armor
41:25 Iron Casting
43:55 Blast Furnace
43:43 Elite Teutonic Knight
44:54 Ballistics
f_buldo
11:11 Loom
14:29 Feudal Age
12:44 Loom
15:23 Double-Bit Axe
22:41 Castle Age
20:39 Fletching
21:35 Padded Archer Armor
21:59 Stone Mining
22:01 Gold Mining
23:47 Bow Saw
23:53 Medium Warships
27:18 Bodkin Arrow
27:39 Leather Archer Armor
30:32 Ballistics
33:26 Imperial Age
32:14 Bloodlines
32:59 Scale Barding Armor
33:56 Cavalier
37:18 Chemistry
40:17 Bracer
42:29 Elite Genoese Crossbowman
45:27 Chain Barding Armor
Connection lost

Rejoining the realm…

Still unreachable

The connection could not be restored.

Session expired

The server has moved on; the page needs a fresh start.